[Event "Titled Tuesday Blitz September 28 2021"]
[White "Taboas Rodriguez, Daniel"]
[Black "Hansen, Eric"]
[WhiteFideId "2208466"]
[BlackFideId "2606771"]
[WhiteElo "2429"]
[BlackElo "2568"]
[Result "0-1"]
[Round "02"]
[TimeControl "180+1"]
[Date "2021.09.28"]
[WhiteClock "0:00:07"]
[BlackClock "0:00:02"]

1. d4 Nf6 2. Nf3 g6 3. c4 Bg7 4. Nc3 d5 5. cxd5 Nxd5 6. e4 Nxc3 7. bxc3 c5 8. Be3 O-O 9. Be2 b6 10. O-O Bb7 11. Qd3 e6 12. Rad1 cxd4 13. cxd4 Nd7 14. Bg5 Bf6 15. Bh6 Bg7 16. Qe3 Nf6 17. Bxg7 Kxg7 18. d5 exd5 19. e5 Ne4 20. Nd4 Qe7 21. f3 Nc5 22. f4 f6 23. e6 f5 24. Bf3 Qf6 25. Rfe1 Rfe8 26. h3 Rad8 27. g4 Ne4 28. g5 Qe7 29. Bxe4 dxe4 30. Qc3 Kg8 31. h4 Qc5 32. Qb2 Rxe6 33. Kh2 Rxd4 34. Rxd4 Bc6 35. Red1 Kf7 36. Rd8 Qe3 37. Rf1 Be8 38. Qd2 Qxd2+ 39. Rxd2 e3 40. Rd4 Bb5 41. Re1 a5 42. Kg3 e2 43. Kf2 Ke7 44. a4 Ba6 45. Rb1 Rc6 46. Ke1 Re6 47. Rd2 Rc6 48. Rdb2 Rc4 49. Rxb6 Bc8 50. Kxe2 Rxf4 51. Ke3 Re4+ 52. Kd3 Rxa4 53. Re1+ Kd7 54. Rc1 Rxh4 55. Rb8 Ba6+ 56. Ke3 Re4+ 57. Kf3 Be2+ 58. Kf2 f4 59. Rb7+ Ke6 60. Rb6+ Kf5 61. Rc5+ Kg4 62. Rxa5 Bc4 63. Rb7 Re2+ 64. Kf1 Rb2+ 65. Ke1 Rxb7 0-1


[Site "https://www.chess.com"]

[Event "Titled Tuesday Blitz September 28 2021"]
[White "Tasev, Dejan"]
[Black "Timmermans, Mark"]
[WhiteFideId "936618"]
[BlackFideId "1026399"]
[WhiteElo "2253"]
[BlackElo "2460"]
[Result "0-1"]
[Round "02"]
[TimeControl "180+1"]
[Date "2021.09.28"]
[WhiteClock "0:00:05"]
[BlackClock "0:01:03"]

1. e4 e5 2. Nf3 Nc6 3. Bc4 Nf6 4. d3 Be7 5. Nc3 O-O 6. h3 d6 7. Bb3 Kh8 8. Be3 Ng8 9. g4 Be6 10. Qd2 Na5 11. d4 exd4 12. Nxd4 Nxb3 13. axb3 a6 14. Nf5 Nf6 15. Nxe7 Qxe7 16. g5 Nh5 17. Qe2 g6 18. O-O-O b5 19. Bd4+ Kg8 20. h4 b4 21. Nb1 c5 22. Be3 a5 23. f4 a4 24. f5 Bd7 25. bxa4 Rxa4 26. Qf3 Bc6 27. Rhe1 b3 28. cxb3 Rxe4 29. Nc3 Ra8 30. fxg6 hxg6 31. Nxe4 Bxe4 32. Qf2 Qb7 33. Rxd6 Qb4 34. Kd1 Qxb3+ 35. Ke2 Qc4+ 36. Kd2 Qc2# 0-1


[Site "https://www.chess.com"]

[Event "Titled Tuesday Blitz September 28 2021"]
[White "Terry, Renato"]
[Black "Paltrinieri, Nicholas"]
[WhiteFideId "3803457"]
[BlackFideId "828262"]
[WhiteElo "2968"]
[BlackElo "2585"]
[Result "1-0"]
[Round "02"]
[TimeControl "180+1"]
[Date "2021.09.28"]
[WhiteClock "0:01:36"]
[BlackClock "0:00:35"]

1. e4 e6 2. d4 d5 3. exd5 exd5 4. Nf3 Nf6 5. Bd3 Bd6 6. Qe2+ Qe7 7. Qxe7+ Bxe7 8. Bf4 c6 9. O-O O-O 10. Re1 Re8 11. Nbd2 Bg4 12. Ne5 Bh5 13. c3 Nbd7 14. Nb3 Bf8 15. Nxd7 Nxd7 16. Na5 b6 17. Nxc6 a5 18. Bb5 Nf6 19. a4 Rac8 20. f3 h6 21. Na7 Rxe1+ 22. Rxe1 Ra8 23. Nc6 g5 24. Bc7 Nd7 25. Ne7+ Bxe7 26. Rxe7 Nf8 27. Bxb6 g4 28. Bc6 Ra6 29. Rb7 gxf3 30. Rb8 1-0


[Site "https://www.chess.com"]

[Event "Titled Tuesday Blitz September 28 2021"]
[White "Tissir, Mohamed"]
[Black "Lysyj, Igor"]
[WhiteFideId "9000240"]
[BlackFideId "4150120"]
[WhiteElo "2447"]
[BlackElo "2660"]
[Result "0-1"]
[Round "02"]
[TimeControl "180+1"]
[Date "2021.09.28"]
[WhiteClock "0:00:19"]
[BlackClock "0:01:39"]

1. e4 e5 2. Nf3 Nc6 3. Bc4 Bc5 4. c3 Nf6 5. d3 d6 6. Bb3 h6 7. Nbd2 O-O 8. Nf1 d5 9. Qe2 a5 10. a4 Be6 11. Bc2 Ng4 12. Ne3 Nxe3 13. Bxe3 d4 14. Bd2 Qe7 15. O-O Bb6 16. h3 f5 17. exf5 Bxf5 18. Rfe1 Rae8 19. c4 Bc5 20. Nh2 Bh7 21. Nf1 e4 22. dxe4 d3 23. Qxd3 Bxf2+ 24. Kh1 Bxe1 25. Rxe1 0-1


[Site "https://www.chess.com"]

[Event "Titled Tuesday Blitz September 28 2021"]
[White "Vogel, Roven"]
[Black "Kokoszczynski, Jan"]
[WhiteFideId "12908088"]
[BlackFideId "1174460"]
[WhiteElo "2516"]
[BlackElo "2128"]
[Result "1-0"]
[Round "02"]
[TimeControl "180+1"]
[Date "2021.09.28"]
[WhiteClock "0:02:04"]
[BlackClock "0:01:14"]

1. Nf3 g6 2. c4 Bg7 3. d4 c5 4. d5 d6 5. e4 e6 6. Bd3 exd5 7. cxd5 Ne7 8. h3 a6 9. a4 O-O 10. O-O Nd7 11. Bf4 Bxb2 12. Ra2 Be5 13. Nxe5 Nxe5 14. Bh6 Re8 15. f4 Nxd3 16. Qxd3 c4 17. Qd4 f6 18. Qxf6 Nf5 19. Qxd8 Rxd8 20. exf5 Bxf5 21. Nc3 Re8 22. Kf2 b5 23. axb5 axb5 24. Rxa8 Rxa8 25. Nxb5 Ra2+ 26. Kf3 Bd3 27. Re1 c3 28. Re8+ Kf7 29. Nxd6+ Kf6 30. Re6# 1-0


[Site "https://www.chess.com"]

[Event "Titled Tuesday Blitz September 28 2021"]
[White "Vokhidov, Shamsiddin"]
[Black "Danielian, Vardan"]
[WhiteFideId "14204223"]
[BlackFideId "13301594"]
[WhiteElo "2616"]
[BlackElo "2552"]
[Result "1-0"]
[Round "02"]
[TimeControl "180+1"]
[Date "2021.09.28"]
[WhiteClock "0:01:32"]
[BlackClock "0:00:11"]

1. e4 c5 2. Nf3 d6 3. d4 cxd4 4. Nxd4 Nf6 5. Nc3 g6 6. Be3 Bg7 7. f3 Nc6 8. Qd2 O-O 9. O-O-O Nxd4 10. Bxd4 Be6 11. h4 Qa5 12. Qg5 Qxg5+ 13. hxg5 Nh5 14. Bxg7 Kxg7 15. Ne2 Bc4 16. Rh4 Bxe2 17. Bxe2 f6 18. gxf6+ Rxf6 19. Rdh1 Rh8 20. Bc4 Nf4 21. R4h2 h5 22. g3 Ne6 23. f4 Nc5 24. Re1 h4 25. b4 Na6 26. Bxa6 bxa6 27. Reh1 Re6 28. e5 dxe5 29. fxe5 Rxe5 30. Rxh4 Rxh4 31. Rxh4 Re3 32. Rg4 Kf6 33. a4 Ra3 34. a5 Rf3 35. Rc4 Re3 36. Kd2 Rxg3 37. Rc6+ Kf5 38. Rxa6 e5 39. Rxa7 Ke4 40. b5 Rg2+ 41. Kc3 Kd5 42. b6 Rg3+ 43. Kb2 e4 44. b7 1-0


[Site "https://www.chess.com"]

[Event "Titled Tuesday Blitz September 28 2021"]
[White "Vovk, Orest"]
[Black "Gallego Alcaraz, Andres Felipe"]
[WhiteFideId "14113490"]
[BlackFideId "4402669"]
[WhiteElo "2203"]
[BlackElo "2394"]
[Result "1-0"]
[Round "02"]
[TimeControl "180+1"]
[Date "2021.09.28"]
[WhiteClock "0:00:10"]
[BlackClock "0:00:11"]

1. h3 d5 2. g4 e5 3. Bg2 h5 4. g5 c6 5. d4 e4 6. c4 Bb4+ 7. Nc3 Ne7 8. Qb3 Qa5 9. cxd5 cxd5 10. Bd2 Nbc6 11. e3 Be6 12. a3 Nf5 13. h4 O-O 14. g6 fxg6 15. Nxe4 Nfxd4 16. exd4 Nxd4 17. Bxb4 Nxb3 18. Bxa5 Nxa1 19. Ng5 Bf5 20. Bxd5+ Kh8 21. Nf7+ Rxf7 22. Bxf7 Nc2+ 23. Kf1 Rf8 24. Bd5 Ne3+ 25. fxe3 Be4+ 26. Ke2 Bxd5 27. Rh2 Rc8 28. Bc3 Kh7 29. Nf3 Rb8 30. Ng5+ Kh6 31. Rf2 Re8 32. Kd2 Rd8 33. Bd4 b6 34. Nf7+ Bxf7 35. Rxf7 g5 36. hxg5+ Kxg5 37. Rxg7+ Kh4 38. Rxa7 Rd6 39. Ke2 Kg4 40. Rg7+ Kf5 41. Kf3 Rh6 42. Rb7 h4 43. Rxb6 Rh7 44. Rb5+ Ke6 45. Kg2 Kd6 46. Kh3 Kc6 47. Rg5 Kb7 48. Rg4 1-0


[Site "https://www.chess.com"]

[Event "Titled Tuesday Blitz September 28 2021"]
[White "Weetik, Vjacheslav"]
[Black "Matveeva, Olga"]
[WhiteFideId "4153472"]
[BlackFideId "24107018"]
[WhiteElo "2469"]
[BlackElo "2108"]
[Result "1-0"]
[Round "02"]
[TimeControl "180+1"]
[Date "2021.09.28"]
[WhiteClock "0:00:12"]
[BlackClock "0:00:08"]

1. e4 e6 2. d3 d5 3. Qe2 Nf6 4. Nf3 c5 5. g3 Nc6 6. Bg2 g6 7. O-O Bg7 8. c3 O-O 9. Na3 b6 10. e5 Nd7 11. d4 Bb7 12. h4 Rc8 13. Nc2 a6 14. h5 b5 15. h6 Bh8 16. Bg5 Qb6 17. Rad1 a5 18. Ne3 b4 19. Qd2 Ba6 20. Rfe1 bxc3 21. bxc3 cxd4 22. cxd4 Nb4 23. Bf1 Bxf1 24. Rxf1 f6 25. exf6 Bxf6 26. Ng4 Rc2 27. Qe3 Bh8 28. a3 Nc6 29. Qxe6+ Rf7 30. Qxd5 Rc3 31. Be3 Ne7 32. Qxd7 Rxf3 33. Qxe7 1-0


[Site "https://www.chess.com"]

[Event "Titled Tuesday Blitz September 28 2021"]
[White "Wong, Yinn Long"]
[Black "Karas, Marek"]
[WhiteFideId "5707684"]
[BlackFideId "14928558"]
[WhiteElo "2016"]
[BlackElo "2273"]
[Result "1/2-1/2"]
[Round "02"]
[TimeControl "180+1"]
[Date "2021.09.28"]
[WhiteClock "0:00:51"]
[BlackClock "0:00:25"]

1. d4 Nf6 2. c4 g6 3. Nf3 Bg7 4. g3 c6 5. Bg2 d5 6. O-O O-O 7. Ne5 dxc4 8. Nxc4 Be6 9. Ne5 Bd5 10. Nc3 Bxg2 11. Kxg2 Nbd7 12. Nf3 Nd5 13. e4 Nxc3 14. bxc3 e6 15. Rb1 b5 16. Bg5 Qa5 17. Qb3 Nb6 18. Be7 Rfe8 19. Bb4 Qa4 20. Bc5 Qxb3 21. axb3 Nd7 22. Bd6 a5 23. Ra1 Ra6 24. Ra2 Rea8 25. e5 a4 26. Rfa1 Nb6 27. Bc5 Nd5 28. c4 Nc7 29. bxa4 Rxa4 30. Rxa4 Rxa4 31. Rxa4 bxa4 32. Nd2 Bf8 33. Bd6 Na6 34. Nb1 c5 35. dxc5 Nxc5 36. Kf3 Bxd6 37. exd6 Kf8 38. Ke3 e5 39. f4 f6 40. Kd2 Ke8 41. Nc3 Kd7 42. Nb5 exf4 43. gxf4 a3 44. Nxa3 Kxd6 45. Nb5+ Kc6 46. Ke3 Ne6 47. Nd4+ Nxd4 48. Kxd4 Kd6 49. c5+ Kc6 50. Kc4 g5 51. fxg5 fxg5 52. Kd4 h5 53. Ke4 Kxc5 54. Kf5 g4 55. Kg5 Kd5 56. Kxh5 Ke6 57. Kxg4 Kf7 58. Kg5 Kg8 59. h4 Kh8 60. Kh5 Kg8 61. Kg5 Kh8 62. h5 Kg8 63. Kg6 Kh8 64. Kh6 Kg8 65. Kg6 Kh8 66. h6 Kg8 67. h7+ Kh8 68. Kh6 1/2-1/2


[Site "https://www.chess.com"]

[Event "Titled Tuesday Blitz September 28 2021"]
[White "Yuan, Qingyu"]
[Black "Rudzinska, Michalina"]
[WhiteFideId "8609772"]
[BlackFideId "1172883"]
[WhiteElo "2359"]
[BlackElo "1778"]
[Result "1/2-1/2"]
[Round "02"]
[TimeControl "180+1"]
[Date "2021.09.28"]
[WhiteClock "0:00:03"]
[BlackClock "0:00:08"]

1. d4 Nf6 2. c4 e6 3. Nf3 Bb4+ 4. Bd2 a5 5. g3 O-O 6. Bg2 b6 7. Ne5 c6 8. Bxb4 axb4 9. Qb3 Bb7 10. O-O Qe7 11. Nd2 d6 12. Nef3 c5 13. a3 Na6 14. e3 Nd7 15. Rfe1 d5 16. Rad1 dxc4 17. Nxc4 Bd5 18. e4 Bxc4 19. Qxc4 bxa3 20. bxa3 cxd4 21. Nxd4 Nac5 22. Nb5 Ne5 23. Qc3 Nc6 24. e5 Rac8 25. Nd6 Rc7 26. Rb1 Na4 27. Qe3 f6 28. Bxc6 Rxc6 29. Qe4 Qd7 30. Qxa4 Rxd6 31. Qxd7 Rxd7 32. Rxb6 fxe5 33. Re2 Ra7 34. Ra2 Rf6 35. a4 Kf7 36. a5 Kg6 37. a6 Rff7 38. Rxe6+ Kf5 39. Rb6 Ke4 40. Ra5 Kd4 41. Rb4+ Kc3 42. Rba4 e4 43. Rxe4 Rf6 44. Rea4 Rb6 45. Ra3+ Kb4 46. h4 g6 47. Kg2 Rf6 48. R3a4+ Kb3 49. Ra3+ Kb4 50. Ra2 Kb3 51. R2a4 h6 52. g4 Re6 53. Kg3 Rf6 54. f3 Re6 55. Ra3+ Kb4 56. Ra1 Rf6 57. R5a2 Kb5 58. Rb1+ Kc5 59. Ra5+ Kc4 60. Rba1 Rb6 61. h5 gxh5 62. Rxh5 Rbxa6 63. Rxa6 Rxa6 64. Rf5 Kd4 65. Kh4 Ke3 66. Kh5 Re6 67. f4 Ke4 68. Rf8 Kf3 69. f5 Ra6 70. f6 Kf4 71. Kxh6 Kxg4 72. Kg7 Kg5 73. Rc8 Rxf6 74. Rc1 Rf4 75. Rg1+ Rg4 76. Ra1 Kf5+ 77. Kf7 Kg5 78. Ra5+ Kh4 79. Ra1 Kg5 80. Rh1 Kf5 81. Rf1+ Kg5 82. Rh1 1/2-1/2


[Site "https://www.chess.com"]

[Event "Titled Tuesday Blitz September 28 2021"]
[White "Zhigalko, Sergei"]
[Black "Thejkumar, M. S."]
[WhiteFideId "13502956"]
[BlackFideId "5009154"]
[WhiteElo "2662"]
[BlackElo "2312"]
[Result "1-0"]
[Round "02"]
[TimeControl "180+1"]
[Date "2021.09.28"]
[WhiteClock "0:00:04"]
[BlackClock "0:00:18"]

1. e4 c6 2. d4 d5 3. e5 Bf5 4. Nf3 e6 5. Be2 Nd7 6. O-O Ne7 7. Nbd2 h6 8. a4 Bh7 9. a5 a6 10. c4 Nc8 11. Qb3 Rb8 12. c5 Be7 13. Re1 O-O 14. Bd3 Bxd3 15. Qxd3 Na7 16. Nf1 Nb5 17. Ng3 f6 18. Bxh6 fxe5 19. Qg6 Rf7 20. Nh5 Nf8 21. Qg4 Bf6 22. dxe5 Be7 23. Bxg7 Kh7 24. Nf6+ Bxf6 25. exf6 Rxf6 26. Ng5+ Kg8 27. Bxf6 Qxf6 28. Nxe6+ Qg6 29. Qf4 Re8 30. Ng5 Rxe1+ 31. Rxe1 Qg7 32. h4 Nc7 33. Qd6 Nb5 34. Qd8 Qxb2 35. Qe8 Qg7 36. Re7 Qh6 37. Qf7+ Kh8 38. Re8 1-0


[Site "https://www.chess.com"]

[Event "Titled Tuesday Blitz September 28 2021"]
[White "Zubov, Alexander"]
[Black "Koellner, Ruben Gideon"]
[WhiteFideId "14109409"]
[BlackFideId "12993093"]
[WhiteElo "2969"]
[BlackElo "2585"]
[Result "1-0"]
[Round "02"]
[TimeControl "180+1"]
[Date "2021.09.28"]
[WhiteClock "0:00:02"]
[BlackClock "0:00:02"]

1. d4 d6 2. e4 Nf6 3. Nc3 e5 4. Nf3 Nbd7 5. g4 d5 6. exd5 e4 7. Ne5 Bb4 8. Bd2 Bxc3 9. bxc3 Nxe5 10. dxe5 Bxg4 11. Be2 Bxe2 12. Qxe2 Nxd5 13. Qxe4 Qd7 14. O-O-O Qe6 15. Rhg1 g6 16. c4 Nb6 17. Bh6 Rd8 18. Bg7 Rg8 19. Bf6 Rxd1+ 20. Rxd1 Nd7 21. Qxb7 Nxf6 22. exf6 Qxf6 23. Qc8+ Ke7 24. Rd7+ Ke6 25. Qxc7 Kf5 26. Rd5+ Kg4 27. Qg3# 1-0


[Site "https://www.chess.com"]

[Event "Titled Tuesday Blitz September 28 2021"]
[White "ketster"]
[Black "Kollars, Dmitrij"]
[BlackFideId "12909572"]
[WhiteElo "2569"]
[BlackElo "2584"]
[Result "0-1"]
[Round "02"]
[TimeControl "180+1"]
[Date "2021.09.28"]
[WhiteClock "0:00:04"]
[BlackClock "0:00:12"]

1. d4 Nf6 2. c4 e6 3. g3 d5 4. Bg2 dxc4 5. Nf3 Nc6 6. Qa4 Nd5 7. Qxc4 Nb6 8. Qb5 a6 9. Qd3 Be7 10. O-O O-O 11. Nc3 Nb4 12. Qd1 c5 13. a3 Nc6 14. dxc5 Bxc5 15. b4 Be7 16. Bf4 Bf6 17. Qb3 e5 18. Rad1 Qe7 19. Be3 Be6 20. Qc2 Qc7 21. Bxb6 Qxb6 22. Ne4 Bg4 23. Nxf6+ gxf6 24. Qe4 f5 25. Qc4 Rac8 26. Rd6 Rfd8 27. Ng5 Bh5 28. Qd5 Rxd6 29. Qxd6 Qd8 30. Qh6 Bg6 31. h4 Qf8 32. Qxf8+ Kxf8 33. Rd1 Ke7 34. e3 Nd8 35. Bf3 f6 36. Nh3 Rc3 37. h5 Be8 38. Ra1 h6 39. Kg2 b6 40. g4 fxg4 41. Bxg4 Ne6 42. Kg3 Ng7 43. Ng1 Bxh5 44. Nf3 Bf7 45. a4 Rc4 46. a5 b5 47. Rb1 Be6 48. Bxe6 Kxe6 49. Nh4 Nf5+ 50. Nxf5 Kxf5 51. Kf3 h5 52. Kg3 h4+ 53. Kf3 Ke6 54. Kg2 f5 55. Kf3 Rg4 56. Rb2 Kd5 57. Rd2+ Kc6 58. Rc2+ Rc4 59. Rb2 Kd6 60. Rd2+ Ke6 61. Rb2 Rg4 62. Rb1 h3 63. Rh1 e4+ 64. Ke2 Rh4 65. Kd2 Kd5 66. Kc3 h2 67. Kb3 Ke5 68. Kc3 f4 69. Kd2 f3 70. Kc3 Kd5 71. Kb3 Ke6 72. Kc3 Ke5 73. Kb3 Kf5 74. Kc3 Kg4 75. Kd4 Kh3 76. Kc5 Kg2 77. Rd1 h1=Q 78. Rxh1 Kxh1 79. Kb6 Rh6+ 0-1


[Site "https://www.chess.com"]

[Event "Titled Tuesday Blitz September 28 2021"]
[White "pawel83"]
[Black "Gasanov, Zaur"]
[BlackFideId "34125970"]
[WhiteElo "2360"]
[BlackElo "2099"]
[Result "1-0"]
[Round "02"]
[TimeControl "180+1"]
[Date "2021.09.28"]
[WhiteClock "0:01:32"]
[BlackClock "0:00:45"]

1. d4 Nf6 2. c4 g6 3. Nc3 d5 4. cxd5 Nxd5 5. e4 Nxc3 6. bxc3 Bg7 7. Be3 O-O 8. Qd2 c5 9. Rc1 Qa5 10. Nf3 Rd8 11. Be2 Bg4 12. d5 c4 13. Bd4 Bxf3 14. gxf3 Bxd4 15. cxd4 Qxd2+ 16. Kxd2 b5 17. a4 a6 18. Ra1 Nd7 19. Rhb1 Rab8 20. axb5 axb5 21. Ra5 b4 22. Bxc4 Nf8 23. Kd3 Rdc8 24. Ra4 e6 25. dxe6 Ra8 26. exf7+ Kg7 27. Rxa8 Rxa8 28. Rxb4 Ra3+ 29. Ke2 Rc3 30. Kd2 Rxf3 31. Ke2 Rc3 32. Bb3 Kf6 33. e5+ Kg7 34. Rb8 g5 35. e6 Rc7 36. d5 Re7 37. Rxf8 Kxf8 38. d6 Rb7 39. e7+ Rxe7+ 40. dxe7+ Kxe7 1-0


[Site "https://www.chess.com"]

[Event "Titled Tuesday Blitz September 28 2021"]
[White "Aghasiyev, Kamal"]
[Black "Smirnov, Pavel"]
[WhiteFideId "13402854"]
[BlackFideId "4123425"]
[WhiteElo "2544"]
[BlackElo "2797"]
[Result "0-1"]
[Round "03"]
[TimeControl "180+1"]
[Date "2021.09.28"]
[WhiteClock "0:00:27"]
[BlackClock "0:02:20"]

1. d4 Nf6 2. c4 e6 3. g3 d5 4. Nf3 Be7 5. Bg2 O-O 6. O-O c6 7. Qc2 b6 8. Nbd2 Bb7 9. e4 Na6 10. e5 Nd7 11. a3 c5 12. cxd5 exd5 13. Qd3 Nc7 14. Rd1 Ne6 15. Nf1 cxd4 16. Bf4 Ndc5 17. Qc2 d3 18. Qb1 d4 19. b4 Na4 20. Qxd3 Nb2 21. Qd2 Nxd1 22. Rxd1 Bxf3 23. Bxf3 g5 0-1


[Site "https://www.chess.com"]

[Event "Titled Tuesday Blitz September 28 2021"]
[White "Aldokhin, Ivan"]
[Black "Garrido Outon, Alex"]
[WhiteFideId "24115720"]
[BlackFideId "24516279"]
[WhiteElo "2265"]
[BlackElo "2131"]
[Result "1-0"]
[Round "03"]
[TimeControl "180+1"]
[Date "2021.09.28"]
[WhiteClock "0:00:03"]
[BlackClock "0:00:04"]

1. e4 c6 2. Nc3 g6 3. Nf3 d5 4. h3 Bg7 5. d4 dxe4 6. Nxe4 Nf6 7. Nxf6+ exf6 8. Bc4 O-O 9. O-O Nd7 10. Bb3 Nb6 11. c4 Be6 12. Qc2 a5 13. a4 Re8 14. Be3 Qc7 15. Rad1 Rad8 16. Qc1 Bf5 17. Bf4 Qc8 18. Be3 Be4 19. Nd2 Bd3 20. Rfe1 Na8 21. Qc3 Bf5 22. Qxa5 Bxh3 23. gxh3 Qxh3 24. Qc3 Qg4+ 25. Kf1 f5 26. f3 Qh3+ 27. Kg1 Rxe3 28. Rxe3 Bxd4 29. Nf1 c5 30. Rxd4 cxd4 31. Qd2 Nc7 32. c5 Na6 33. Re7 Nxc5 34. Bxf7+ Kf8 35. Rc7 Nd7 36. Qb4+ Kxf7 37. Qxd4 1-0


[Site "https://www.chess.com"]

[Event "Titled Tuesday Blitz September 28 2021"]
[White "Assaubayeva, Bibisara"]
[Black "Svane, Rasmus"]
[WhiteFideId "13708694"]
[BlackFideId "4657101"]
[WhiteElo "2658"]
[BlackElo "2902"]
[Result "0-1"]
[Round "03"]
[TimeControl "180+1"]
[Date "2021.09.28"]
[WhiteClock "0:00:45"]
[BlackClock "0:01:36"]

1. d4 Nf6 2. c4 e6 3. Nf3 d5 4. Nc3 a6 5. cxd5 exd5 6. Bf4 Bd6 7. Be5 c6 8. e3 Qe7 9. Bd3 Bg4 10. Bxd6 Qxd6 11. Qb3 b5 12. Ne5 Be6 13. a4 c5 14. Qd1 b4 15. Ne2 c4 16. Bb1 Nfd7 17. f4 f6 18. Nf3 O-O 19. O-O Nc6 20. f5 Bf7 21. Nf4 Rfe8 22. Qd2 Na5 23. Bc2 c3 24. Qf2 Nc4 25. Rfe1 Nxb2 26. Nd3 b3 27. Bb1 Nc4 0-1


[Site "https://www.chess.com"]

[Event "Titled Tuesday Blitz September 28 2021"]
[White "Astafurov, Arseniy"]
[Black "Indjic, Aleksandar"]
[WhiteFideId "24175218"]
[BlackFideId "911925"]
[WhiteElo "2163"]
[BlackElo "2643"]
[Result "0-1"]
[Round "03"]
[TimeControl "180+1"]
[Date "2021.09.28"]
[WhiteClock "0:00:04"]
[BlackClock "0:01:28"]

1. c4 b6 2. e4 e5 3. Nc3 Bb4 4. Nf3 Bxc3 5. bxc3 d6 6. d3 f5 7. exf5 Bxf5 8. g3 Nd7 9. Bg2 Nc5 10. O-O Bxd3 11. Nxe5 dxe5 12. Qh5+ Kf8 13. Bd5 Bg6 14. Qf3+ Nf6 15. Bxa8 e4 16. Qf4 Qxa8 17. Qxc7 Kg8 18. Be3 Ne6 19. Qd6 Bf7 20. a4 h5 21. h4 Kh7 22. a5 Rd8 23. Qe5 Qc6 24. axb6 axb6 25. Ra6 Ng4 26. Qb5 Qc8 27. Rxb6 Bg6 28. Rb7 Nxe3 29. fxe3 Nc5 30. Ra7 Rd2 31. Rf2 Rd1+ 32. Kg2 Nd3 33. Rfa2 Ne1+ 34. Kf2 Qf8+ 35. Ke2 Qf3# 0-1


[Site "https://www.chess.com"]

[Event "Titled Tuesday Blitz September 28 2021"]
[White "Atabayev, Saparmyrat"]
[Black "Chernomordik, Pavel"]
[WhiteFideId "14000571"]
[BlackFideId "2804530"]
[WhiteElo "2483"]
[BlackElo "2256"]
[Result "1-0"]
[Round "03"]
[TimeControl "180+1"]
[Date "2021.09.28"]
[WhiteClock "0:01:49"]
[BlackClock "0:00:14"]

1. e4 g6 2. d4 Bg7 3. Nc3 d6 4. Nf3 a6 5. Bd3 b5 6. a4 b4 7. Nd5 a5 8. c3 c6 9. Ne3 bxc3 10. bxc3 Ba6 11. O-O Nd7 12. Ba3 Qc7 13. Re1 c5 14. Nd5 Qd8 15. e5 dxe5 16. dxe5 e6 17. Bxa6 Rxa6 18. Qe2 Ra7 19. Rad1 Qc8 20. Ng5 Bxe5 21. Nb6 Nxb6 22. Qxe5 f6 23. Qxe6+ Qxe6 24. Rxe6+ Re7 25. Rxb6 fxg5 26. Bxc5 Re4 27. Bd4 Rxd4 28. Rxd4 Ne7 29. Rb8+ 1-0


[Site "https://www.chess.com"]

[Event "Titled Tuesday Blitz September 28 2021"]
[White "Azarov, Sergei"]
[Black "Pasti, Aron"]
[WhiteFideId "13501470"]
[BlackFideId "785857"]
[WhiteElo "2790"]
[BlackElo "2421"]
[Result "1-0"]
[Round "03"]
[TimeControl "180+1"]
[Date "2021.09.28"]
[WhiteClock "0:01:25"]
[BlackClock "0:00:02"]

1. e4 c5 2. Nf3 e6 3. d4 cxd4 4. Nxd4 Nc6 5. Nc3 Qc7 6. Be2 Nf6 7. O-O Be7 8. Be3 O-O 9. f4 d6 10. Kh1 b6 11. e5 dxe5 12. Nxc6 Qxc6 13. fxe5 Nd5 14. Nxd5 Qxd5 15. Qxd5 exd5 16. Bf3 Be6 17. Rad1 Rfd8 18. c4 dxc4 19. Bxa8 Rxa8 20. Kg1 Rc8 21. Bd4 Kf8 22. Bc3 b5 23. a3 Ra8 24. Bb4 a5 25. Bxe7+ Kxe7 26. Rd6 b4 27. Rb6 bxa3 28. Rb7+ Ke8 29. bxa3 Rd8 30. Rc7 Rd2 31. Rb1 Kd8 32. Ra7 c3 33. Rb8+ Bc8 34. Raa8 c2 35. Rxc8+ Ke7 36. Rc7+ Ke6 37. Rac8 1-0


[Site "https://www.chess.com"]

[Event "Titled Tuesday Blitz September 28 2021"]
[White "Babazada, Khazar"]
[Black "Pavlidis, Anastasios"]
[WhiteFideId "13413554"]
[BlackFideId "4208404"]
[WhiteElo "2768"]
[BlackElo "2415"]
[Result "1-0"]
[Round "03"]
[TimeControl "180+1"]
[Date "2021.09.28"]
[WhiteClock "0:01:28"]
[BlackClock "0:00:17"]

1. Nf3 Nf6 2. c4 g6 3. Nc3 Bg7 4. g3 O-O 5. Bg2 d6 6. b3 e5 7. Bb2 c6 8. O-O e4 9. Nd4 d5 10. d3 exd3 11. Qxd3 dxc4 12. Qxc4 Nbd7 13. Rad1 Ne5 14. Qa4 Qc7 15. h3 Bd7 16. Qa3 Nh5 17. Ne4 Bc8 18. Bc3 Rd8 19. Bb4 Nc4 20. bxc4 Rxd4 21. Rxd4 Bxd4 22. Rd1 Be5 23. f4 Bg7 24. Bd6 Qb6+ 25. c5 Qd8 26. Ng5 Be6 27. Nxe6 fxe6 28. Qb3 Qe8 29. Kh2 Qf7 30. h4 Nf6 31. Bh3 Re8 32. Qf3 Nd5 33. e4 Nf6 34. Rb1 h5 35. Rb4 Bf8 36. Qb3 Bxd6 37. cxd6 b6 38. Ra4 Qd7 39. Qa3 a5 40. e5 Nd5 41. Qd3 b5 42. Qxg6+ Qg7 43. Qxe8+ Qf8 44. Bxe6+ Kg7 45. Qxf8+ Kxf8 46. Bxd5 1-0


[Site "https://www.chess.com"]

[Event "Titled Tuesday Blitz September 28 2021"]
[White "Baskin, Robert"]
[Black "Martin Carmona, Gaston Manuel"]
[WhiteFideId "24662402"]
[BlackFideId "22284567"]
[WhiteElo "2521"]
[BlackElo "2161"]
[Result "1-0"]
[Round "03"]
[TimeControl "180+1"]
[Date "2021.09.28"]
[WhiteClock "0:00:50"]
[BlackClock "0:01:16"]

1. e4 e6 2. d4 d5 3. Nd2 dxe4 4. Nxe4 Bd7 5. Nf3 Bc6 6. Bd3 Nd7 7. c3 Ngf6 8. Nxf6+ Nxf6 9. O-O Bxf3 10. Qxf3 Qd5 11. Qe2 Be7 12. b4 c6 13. a4 O-O 14. g4 Qd7 15. g5 Nd5 16. Bd2 Bd6 17. Rab1 Nf4 18. Bxf4 Bxf4 19. Qe4 Bxh2+ 20. Kxh2 f5 21. gxf6 gxf6 22. Rg1+ Kh8 23. Rg3 Rg8 24. Rbg1 Rxg3 25. Rxg3 Rg8 26. Qf4 Rxg3 27. fxg3 Qd8 28. Qe4 Qd7 29. Bc4 e5 30. dxe5 Qd2+ 31. Qe2 Qxc3 32. e6 1-0


[Site "https://www.chess.com"]

[Event "Titled Tuesday Blitz September 28 2021"]
[White "Bluebaum, Matthias"]
[Black "Shuvalov, Evgenij"]
[WhiteFideId "24651516"]
[BlackFideId "4187237"]
[WhiteElo "2681"]
[BlackElo "2129"]
[Result "1-0"]
[Round "03"]
[TimeControl "180+1"]
[Date "2021.09.28"]
[WhiteClock "0:02:05"]
[BlackClock "0:00:01"]

1. d4 Nf6 2. Nc3 e6 3. e4 d5 4. e5 Nfd7 5. Nce2 c5 6. c3 Nc6 7. Nf3 Qb6 8. a3 a5 9. Nf4 a4 10. Be2 Qa5 11. O-O b6 12. c4 Nxd4 13. cxd5 Nxf3+ 14. Bxf3 Nxe5 15. dxe6 Nxf3+ 16. Qxf3 fxe6 17. Qh5+ Kd8 18. Ng6 hxg6 19. Qxh8 Ke8 20. Bf4 Kf7 21. Rad1 Qb5 22. Be5 1-0


[Site "https://www.chess.com"]

[Event "Titled Tuesday Blitz September 28 2021"]
[White "Bologan, Victor"]
[Black "Nakamura, Hikaru"]
[WhiteFideId "13900048"]
[BlackFideId "2016192"]
[WhiteElo "2737"]
[BlackElo "3201"]
[Result "0-1"]
[Round "03"]
[TimeControl "180+1"]
[Date "2021.09.28"]
[WhiteClock "0:00:25"]
[BlackClock "0:00:14"]

1. e4 g6 2. d4 Bg7 3. Nc3 a6 4. f4 c6 5. Nf3 d5 6. e5 Bg4 7. Be3 h5 8. Be2 Bxf3 9. Bxf3 Nh6 10. Qe2 Nf5 11. Bf2 e6 12. O-O-O Nd7 13. g3 Bf8 14. h3 Bb4 15. Rd3 Qe7 16. g4 Ng7 17. Qe1 h4 18. Kb1 b5 19. Qe2 Nb6 20. Nd1 Ba5 21. b3 Rb8 22. Ka1 Bb4 23. c3 Ba3 24. Ne3 a5 25. Rg1 Kd7 26. Nc2 Nc4 27. Be3 Nxe3 28. Nxe3 Kc7 29. Rd2 f6 30. Nc2 f5 31. gxf5 Nxf5 32. Rxg6 Rbg8 33. Rxg8 Rxg8 34. Bg4 Ng3 35. Qf3 Rf8 36. Kb1 Ne4 37. Re2 Ng3 38. Re1 Kb6 39. Qe3 Ne4 40. Qd3 Rxf4 41. Qe3 Rf8 42. Bf3 Rxf3 0-1


[Site "https://www.chess.com"]